 Dungeon Crawl Stone Soup version 0.31.0-32-g396128a36d (webtiles) character file.

Game seed: 10710991955425552540

7651 spaghetti the Covert (level 10, -2/35 (54) HPs)
             Began as a Deep Elf Berserker on Mar 23, 2024.
             Was a Priest of Trog.
             Succumbed to Sonja's curare-tipped dart
             ... on level 10 of the Dungeon.
             The game lasted 00:11:41 (7465 turns).

spaghetti the Covert (Deep Elf Berserker)           Turns: 7465, Time: 00:11:41

HP:   -2/35 (54)    AC: 20    Str: 13    XL:     10   Next: 99%
MP:   12/12         EV: 17    Int: 12    God:    Trog [***...]
Gold: 540           SH:  0    Dex: 25    Spells: 9/9 levels left

rFire   + . .        A - +8 rapier of Guzemin {pain, Dex+3}
rCold   . . .        (no shield)
rNeg    . . .        D - +2 plate armour {rF+}
rPois   .            l - +2 helmet
rElec   .            y - +0 cloak
rCorr   .            i - +0 pair of gloves
SInv    .            (no boots)
Will    +++..        (no amulet)
Stlth   ++           x - +5 ring of evasion
HPRegen 1.25/turn    a - +5 ring of evasion
MPRegen 0.13/turn

%: no passive effects
@: lethally poisoned (-2 -> -28), strong-willed, on berserk cooldown,
regenerating, slowed, very heavily drained, very slow
A: hooves 1, agile 1
a: Renounce Religion, Berserk, Trog's Hand


You were on level 10 of the Dungeon.
You worshipped Trog.
Trog was most pleased with you.
You visited 1 branch of the dungeon, and saw 10 of its levels.

You collected 689 gold pieces.
You spent 149 gold pieces at shops.

Inventory:

Hand Weapons
 A - the +8 rapier of Guzemin (weapon) {pain, Dex+3}
   (You found it on level 8 of the Dungeon)

   Dex+3:     It affects your dexterity (+3).
Armour
 i - a +0 pair of gloves (worn)
 l - a +2 helmet (worn)
 y - a +0 cloak (worn)
 D - a +2 plate armour of fire resistance (worn)
Jewellery
 a - a +5 ring of evasion (right hand)
 g - a +6 ring of strength
 v - an amulet of regeneration
 x - a +5 ring of evasion (left hand)
Wands
 b - a wand of charming (8)
 w - a wand of roots (12)
 C - a wand of flame (13)
Scrolls
 d - 6 scrolls of teleportation
 f - 2 scrolls of identify
 h - 2 scrolls of brand weapon
 j - a scroll of revelation
 m - 2 scrolls of noise
 r - a scroll of enchant armour
Potions
 c - a potion of brilliance
 k - a potion of enlightenment
 n - a potion of berserk rage
 q - 2 potions of attraction
Miscellaneous
 e - a phial of floods
 B - a lightning rod (4/4)


   Skills:
 - Level 2.4 Fighting
 - Level 3.0(6.4) Short Blades
 + Level 8.2(8.5) Long Blades
 + Level 6.0 Armour
 + Level 8.7 Dodging
 + Level 13.4 Stealth


You had 9 spell levels left.
You didn't know any spells.
Your spell library was empty.

Dungeon Overview and Level Annotations

Branches:
Dungeon (10/15)            Temple (0/1) D:4            Lair (0/5) D:9
    Orc: D:9-12

Altars:
Ashenzari
Elyvilon
Gozag
Hepliaklqana
Makhleb
Ru
Sif Muna
Trog
Uskayaw
Vehumet
Wu Jian
Xom

Shops:
D:4 ?   D:7 *   D:8 [

Annotations:
D:8 1 exclusion
D:9 exclusion: obsidian statue
D:10 Sonja


Innate Abilities, Weirdness & Mutations

You have large cloven feet.
You are agile. (Dex +4, Str/Int -1)


Message History

Sonja completely misses you.
Sonja hits you with a +1 short sword of draining.
You feel drained. Sonja barely misses you.
You puncture Sonja! Your kick misses Sonja.
Sonja is almost dead.
Sonja hits you but does no damage.
You feel drained. Sonja closely misses you. Sonja hits you but does no damage.
You feel drained.
Sonja casts a spell.
Sonja blinks!
Your skin crawls.
You feel strong-willed.
Sonja throws a curare-tipped dart.
The curare-tipped dart hits you.
You are poisoned.
You have difficulty breathing.
You feel as though you will be slow longer.
Throw: throwing net
Press: ? - help, Q - select action, (/) - cycle Shift-Dir - straight line, f - Sonja
Aim: Sonja, wielding a +1 short sword of draining and quivering curare-tipped darts (almost dead, 16% to hit)
You throw a throwing net. The throwing net barely misses Sonja.
You feel very sick.
Sonja casts a spell.
Sonja blinks!
Aiming: Thunderbolt
Press: ? - help, Shift-Dir - straight line, f - you, p - Sonja
Okay, then.
You feel sick.
Sonja throws a curare-tipped dart.
The curare-tipped dart hits you.
You are more poisoned.
You have difficulty breathing.
You feel as though you will be slow longer.
Sonja throws a curare-tipped dart.
The curare-tipped dart hits you.
You are lethally poisoned!
You have difficulty breathing.
* * * LOW HITPOINT WARNING * * *
You feel as though you will be slow longer.
Okay, then.
Okay, then.
Your skin crawls.
You feel strong-willed.
You die...

..# #.# #.####
######### #....
........# #...
#######<# #..
......... #.#
.######..
.K#######.# ..#
### #(......@)##
#.#
##########$###.#
##...# ##.## #.#
#.# #.# ######
##.## #.....
#...# #.####


You could see Sonja.

Vanquished Creatures
  Harold (D:9)
  An ugly thing (D:8)
  Maggie (D:6)
  A komodo dragon (D:10)
  A troll (D:10)
  A hornet (D:9)
  6 yaks (D:8)
  A wraith (D:9)
  A shadow (D:9)
  Eustachio (D:4)
  A basilisk (D:8)
  2 steam dragons
  2 water moccasins
  2 orc warriors
  An ice beast (D:7)
  3 black bears
  2 centaurs
  A kobold brigand (D:6)
  2 bullfrogs
  A scorpion (D:5)
  11 wights
  16 killer bees
  A howler monkey (D:9)
  A bombardier beetle (D:4)
  2 hounds (D:6)
  A jelly (D:5)
  Crazy Yiuf (D:7)
  4 orc priests
  2 iguanas
  A sleepcap (D:6)
  8 orc wizards
  2 gnolls (D:4)
  6 adders
  4 white imps
  4 ufetubi
  A ribbon worm (D:2)
  4 dart slugs
  24 orcs
  6 bats
  8 endoplasms
  4 giant cockroaches
  5 goblins
  3 hobgoblins
  14 kobolds
  4 quokkas
  4 ball pythons
  5 frilled lizards
  6 rats
184 creatures vanquished.

Vanquished Creatures (collateral kills)
  Maurice (D:9)
  A hornet (D:9)
  An acid dragon (D:9)
  A wight (D:9)
4 creatures vanquished.

Grand Total: 188 creatures vanquished

Notes
Turn   | Place    | Note
-------+----------+-------------------------------------------
     0 | D:1      | spaghetti the Deep Elf Berserker began the quest for the
                  | Orb.
     0 | D:1      | Reached XP level 1. HP: 13/13 MP: 3/3
    76 | D:1      | Reached skill level 1 in Stealth
   135 | D:1      | Reached skill level 2 in Stealth
   167 | D:1      | Reached XP level 2. HP: 18/18 MP: 4/4
   366 | D:1      | Reached skill level 3 in Stealth
   539 | D:1      | Reached XP level 3. HP: 22/22 MP: 5/5
   990 | D:2      | Found a shimmering altar of Xom.
  1007 | D:2      | Reached ** piety under Trog
  1008 | D:2      | Reached skill level 4 in Stealth
  1722 | D:3      | Reached XP level 4. HP: 22/27 MP: 6/6
  1752 | D:3      | Reached skill level 5 in Stealth
  1818 | D:3      | Found a radiant altar of Vehumet.
  1884 | D:3      | Gained mutation: Your health recovers twice as slowly from
                  | being drained. [potion of mutation]
  1884 | D:3      | Gained mutation: You are clumsy. (Dex -2) [potion of
                  | mutation]
  1884 | D:3      | Gained mutation: Your muscles are strong. (Str +4, Int/Dex
                  | -1) [potion of mutation]
  1885 | D:3      | Lost mutation: You are clumsy. (Dex -2) [potion of
                  | mutation]
  1885 | D:3      | Lost mutation: Your muscles are strong. (Str +4, Int/Dex
                  | -1) [potion of mutation]
  1885 | D:3      | Lost mutation: Your health recovers twice as slowly from
                  | being drained. [potion of mutation]
  1885 | D:3      | Gained mutation: You have large cloven feet. [potion of
                  | mutation]
  1885 | D:3      | Gained mutation: A frigid envelope surrounds you and
                  | freezes all who hurt you. [potion of mutation]
  1885 | D:3      | Gained mutation: You have hidden genetic potential. [potion
                  | of mutation]
  2350 | D:4      | Found an ornate altar of the Wu Jian Council.
  2522 | D:4      | Found Ochef's Magic Scroll Shop.
  2670 | D:4      | Bought a scroll of brand weapon for 123 gold pieces
  2671 | D:4      | Bought a scroll of identify for 26 gold pieces
  2724 | D:4      | Reached skill level 6 in Stealth
  2782 | D:4      | Reached XP level 5. HP: 31/31 MP: 7/7
  2784 | D:4      | Gained mutation: Your system is resistant to poisons.
                  | (rPois) [hidden potential]
  2893 | D:4      | Found a staircase to the Ecumenical Temple.
  2973 | D:4      | Noticed Eustachio
  2977 | D:4      | Killed Eustachio
  2978 | D:4      | Reached skill level 1 in Long Blades
  2978 | D:4      | Reached skill level 7 in Stealth
  2978 | D:4      | Reached XP level 6. HP: 36/36 MP: 8/8
  2981 | D:4      | Gained mutation: Your mind is acute. (Int +4, Str/Dex -1)
                  | [hidden potential]
  2981 | D:4      | Lost mutation: You have hidden genetic potential. [hidden
                  | potential expressed]
  2990 | D:4      | Found a bloodstained altar of Trog.
  3149 | D:5      | Entered Level 5 of the Dungeon
  3172 | D:5      | Reached skill level 8 in Stealth
  3177 | D:5      | Reached XP level 7. HP: 36/40 MP: 9/9
  3402 | D:5      | Found a shimmering blue altar of Sif Muna.
  3447 | D:5      | Found a broken altar of Ashenzari.
  3856 | D:6      | Reached skill level 9 in Stealth
  3900 | D:6      | Reached *** piety under Trog
  3970 | D:6      | Noticed Maggie
  3979 | D:6      | Killed Maggie
  3980 | D:6      | Reached skill level 5 in Long Blades
  3980 | D:6      | Reached skill level 10 in Stealth
  3980 | D:6      | Reached XP level 8. HP: 11/45 MP: 10/10
  4480 | D:7      | Found a runed translucent door.
  4481 | D:7      | Noticed Crazy Yiuf
  4998 | D:7      | Found Rulualofy's General Store.
  5215 | D:7      | Killed Crazy Yiuf
  5216 | D:7      | Reached XP level 9. HP: 49/49 MP: 11/11
  5363 | D:8      | Identified the +1 scale mail of Demons {rF+ Int+8}
  5407 | D:8      | Reached skill level 11 in Stealth
  5410 | D:8      | Reached skill level 5 in Dodging
  5536 | D:8      | Identified the +8 rapier of Guzemin {pain, Dex+3}
  5687 | D:8      | Reached skill level 12 in Stealth
  5991 | D:8      | Noticed a purple ugly thing
  5998 | D:8      | Killed a purple ugly thing
  5999 | D:8      | Reached XP level 10. HP: 54/54 MP: 12/12
  6001 | D:8      | Found Yjeg's Antique Armour Boutique.
  6193 | D:9      | Reached skill level 5 in Armour
  6347 | D:9      | Reached **** piety under Trog
  6478 | D:9      | Noticed Harold
  6499 | D:9      | Killed Harold
  6500 | D:9      | Reached skill level 13 in Stealth
  6504 | D:9      | Noticed Maurice
  6513 | D:9      | Something stole a lightning rod (4/4)
  6521 | D:9      | Something stole a +2 dagger of venom
  6523 | D:9      | Something stole a +6 ring of strength
  6535 | D:9      | Maurice stole a throwing net
  6536 | D:9      | Maurice stole 30 gold
  6539 | D:9      | Killed Maurice
  6744 | D:9      | Found a staircase to the Lair.
  6786 | D:9      | Found a hazy altar of Hepliaklqana.
  6787 | D:9      | Found a burning altar of Makhleb.
  6850 | D:9      | Found an opulent altar of Gozag.
  6865 | D:9      | Lost mutation: Your mind is acute. (Int +4, Str/Dex -1)
                  | [potion of mutation]
  6865 | D:9      | Lost mutation: A frigid envelope surrounds you and freezes
                  | all who hurt you. [potion of mutation]
  6865 | D:9      | Gained mutation: You occasionally lose the ability to read
                  | scrolls when taking damage. [potion of mutation]
  6865 | D:9      | Lost mutation: You occasionally lose the ability to read
                  | scrolls when taking damage. [potion of mutation]
  6865 | D:9      | Gained mutation: You have a beak for a mouth. [potion of
                  | mutation]
  6866 | D:9      | Lost mutation: You have a beak for a mouth. [potion of
                  | mutation]
  6866 | D:9      | Lost mutation: Your system is resistant to poisons. (rPois)
                  | [potion of mutation]
  6866 | D:9      | Gained mutation: You are agile. (Dex +4, Str/Int -1)
                  | [potion of mutation]
  7008 | D:9      | Noticed an obsidian statue
  7009 | D:9      | Noticed a smoke demon
  7064 | D:10     | Entered Level 10 of the Dungeon
  7146 | D:10     | Found a hide-covered altar of Uskayaw.
  7190 | D:10     | Found a white marble altar of Elyvilon.
  7339 | D:10     | Found a sacrificial altar of Ru.
  7444 | D:10     | Noticed Sonja
  7465 | D:10     | Succumbed to Sonja's curare-tipped dart

Illustrated notes

Levels and vault maps discovered:
D:1:      kennysheep_arrival_forest, layout_loops_corners
D:2:      layout_loops_ring, basic_altar, amcnicky_mini_corridor_feature
D:3:      layout_loops_cross, mainiacjoe_overflow_surrounded_room
D:4:      layout_loops_ring, amcnicky_altar_gilded, trog_antimagical,
          temple_statues, serial_shops, nicolae_shop_tiny_glass,
          nicolae_letterblocks [nicolae_letter_subblock,
          nicolae_letter_subblock, nicolae_letter_subblock,
          nicolae_letter_subblock, nicolae_letter_subblock,
          nicolae_letter_subblock, nicolae_letter_subblock,
          nicolae_letter_subblock, nicolae_letter_subblock,
          nicolae_letter_subblock, nicolae_letter_subblock,
          nicolae_letter_subblock, nicolae_letter_subblock,
          nicolae_letter_subblock, nicolae_letter_subblock,
          nicolae_letter_subblock, nicolae_letter_subblock,
          nicolae_letter_subblock, nicolae_letter_subblock,
          nicolae_letter_subblock, nicolae_letter_subblock,
          nicolae_letter_subblock, nicolae_letter_subblock,
          nicolae_letter_subblock, nicolae_letter_subblock], uniq_eustachio
D:5:      layout_rooms, hellmonk_sif_muna_bookshelves,
          mainiacjoe_overflow_chevrons
D:6:      layout_basic, uniq_maggie
D:7:      layout_basic, serial_shops, shop, uniq_crazy_yiuf_cottage
D:8:      layout_rooms, serial_shops, nicolae_shop_tiny_real_fake_doors,
          hangedman_abyss_or_decor_clamps, kennysheep_just_a_vault
D:9:      layout_gridville, lemuel_tele_altar, gammafunk_temple_overflow_statue,
          lair_entry_dummy, minmay_statue_bubble, uniq_maurice, uniq_harold
D:10:     layout_loops_ring, general_overflow_altar, zin_scriptorium,
          nicolae_uskayaw_murder_on_the_dancefloor, mainiacjoe_overflow_swirl,
          uniq_sonja

Skill      XL: |  1  2  3  4  5  6  7  8  9 10 |
---------------+-------------------------------+-----
Stealth        | 2 3 4 6 7 8 10 12 13 | 13.4
Long Blades    | 1 3 5 7 8 |  8.2
Armour         | 3 4 6 |  6.0
Dodging        | 4 6 8 |  8.7
Fighting       | |  2.4
Short Blades   | |  3.0

Action                     |  1- 3 |  4- 6 |  7- 9 | 10-12 || total
---------------------------+-------+-------+-------+-------++-------
  Melee: Short sword       |    99 |    51 |       |       ||   150
         Punch             |     2 |     1 |     2 |     5 ||    10
         Kick              |       |    15 |    43 |    41 ||    99
         Dagger            |       |    14 |   125 |       ||   139
         Rapier            |       |       |    59 |   126 ||   185
  Throw: Throwing net      |       |       |       |     1 ||     1
 Invoke: Berserk           |     2 |     3 |     7 |     3 ||    15
         Trog's Hand       |       |     1 |     2 |     5 ||     8
         Brothers in Arms  |       |       |       |     1 ||     1
    Use: Scroll            |     8 |     5 |     2 |     5 ||    20
         Potion            |       |     4 |       |     5 ||     9
   Stab: Sleeping          |    13 |     7 |    12 |       ||    32
 Armour: Animal skin       |    38 |    32 |    27 |       ||    97
         Steam dragon scal |       |       |    55 |    21 ||    76
         Plate armour      |       |       |       |    72 ||    72
         Skin              |       |       |       |    14 ||    14
  Dodge: Dodged            |    45 |    33 |   192 |   144 ||   414
